AoeStats
← Jar3p0

Arabia

507860462Analyzed
1v1 RM · 13d ago on Sep 20, 2026· 44m 33s· 2 players
Game mode
Random Map
Map size
Tiny (2 player)
Population
200
Speed
Normal
Resources
Standard
Victory
Conquest
Starting age
Dark Age
Ending age
Imperial Age
RankedLock teamsTeams togetherTeam positionsShared explorationLock speedFull tech treeHidden civsTurbo modeCheats
Victory
Defeat
🇹🇼 Huns · Taiwan
1241
+14
🇺🇸 Italians · United States
1198
-14
Jar3p0
7:26 Loom
9:16 Feudal Age
11:31 Double-Bit Axe
13:20 Town Watch
20:36 Castle Age
19:01 Fletching
21:15 Bodkin Arrow
20:47 Crossbowman
21:41 Thumb Ring
30:24 Scale Barding Armor
31:05 Husbandry
31:15 Bloodlines
31:50 Bloodlines
34:09 Chain Barding Armor
36:03 Ballistics
38:16 Imperial Age
35:25 Light Cavalry
36:37 Bow Saw
38:22 Forging
38:16 Horse Collar
40:03 Chemistry
39:12 Arbalester
39:53 Bracer
41:13 Iron Casting
41:20 Plate Barding Armor
41:59 Hussar
中山路59號
6:20 Loom
9:08 Feudal Age
9:48 Double-Bit Axe
13:35 Horse Collar
16:19 Fletching
23:20 Castle Age
21:36 Padded Archer Armor
23:29 Elite Skirmisher
24:31 Bodkin Arrow
25:40 Bow Saw
25:33 Heavy Plow
29:33 Town Watch
32:23 Ballistics
32:20 Leather Archer Armor
36:57 Imperial Age
35:49 Wheelbarrow
35:25 Forging
35:17 Light Cavalry
36:24 Scale Barding Armor
37:06 Iron Casting
37:26 Chain Barding Armor
37:25 Hussar
38:17 Bloodlines
40:05 Chemistry
40:04 Plate Barding Armor
42:03 Blast Furnace
43:00 Murder Holes
43:09 Husbandry
43:24 Gold Mining
43:26 Stone Mining
Connection lost

Rejoining the realm…

Still unreachable

The connection could not be restored.

Session expired

The server has moved on; the page needs a fresh start.